 Dungeon Crawl Stone Soup version 0.26-a0-58-g79b31b8662 (webtiles) character file.

Game seed: 6989720716768726516

78554 MrRokkomies the Nimble (level 15, -1/72 HPs)
             Began as a Spriggan Earth Elementalist on May 30, 2020.
             Was the Champion of Kikubaaqudgha.
             Slain by an orc warrior
             ... wielding a +0 mace of protection
              (22 damage)
             ... on level 12 of the Dungeon on June 8, 2020.
             The game lasted 02:05:59 (37985 turns).

MrRokkomies the Nimble (SpEE)                      Turns: 37985, Time: 02:06:02

Health: -1/72      AC:  9    Str:  9    XL:     15   Next: 18%
Magic:  29/29      EV: 35    Int: 18    God:    Kikubaaqudgha [******]
Gold:   1984       SH:  9    Dex: 19    Spells: 2/32 levels left

rFire    + . .     SeeInvis +   a - +2 dagger (pain)
rCold    . . .     Gourm    .   k - +1 buckler
rNeg     . . .     Faith    .   y - +2 robe {rF+}
rPois    +         Spirit   .   W - +2 hat {MR+}
rElec    .         Reflect  .   J - +2 cloak {rPois}
rCorr    .         Harm     .   (gloves unavailable)
MR       +++..                  (boots unavailable)
Stlth    ++++++....             M - amulet "Recod" {Acrobat Int+2}
HPRegen  0.22/turn              c - ring of stealth
MPRegen  0.21/turn              x - +4 ring of evasion

@: very quick
A: very small, unfitting armour, see invisible, herbivore, speed 3, slow
metabolism 2
a: Receive Corpses, Torment, Renounce Religion


You were on level 12 of the Dungeon.
You worshipped Kikubaaqudgha.
Kikubaaqudgha was exalted by your worship.
You were not hungry.

You visited 3 branches of the dungeon, and saw 20 of its levels.
You also visited: Bailey and Gauntlet.

You collected 2524 gold pieces.
You spent 540 gold pieces at shops.

Inventory:

Hand Weapons
 a - a +2 dagger of pain (weapon)
Missiles
 b - 145 stones
 n - 49 boomerangs
 p - 15 poisoned darts (quivered)
 v - 7 throwing nets
Armour
 k - a +1 buckler (worn)
 y - a +2 robe of fire resistance (worn)
 A - a scarf of resistance
 J - a +2 cloak of poison resistance (worn)
 T - +0 fire dragon scales
 W - a +2 hat of magic resistance (worn)
 Z - a +2 robe of cold resistance
Jewellery
 c - a ring of stealth (left hand)
 q - a cursed amulet of the acrobat {unknown}
 x - a +4 ring of evasion (right hand)
 M - the amulet "Recod" (around neck) {Acrobat Int+2}
   (You found it on level 5 of the Lair of Beasts)

   [amulet of the acrobat]

   It helps you evade while moving and waiting.
   It affects your intelligence (+2).
 O - an uncursed ring of positive energy
 Y - an uncursed ring of ice
Wands
 h - a wand of disintegration (13)
 o - a wand of digging (11)
 G - a wand of paralysis (13)
 X - a wand of clouds (9)
Scrolls
 e - a scroll of blinking
 f - 4 scrolls of fog
 m - 10 scrolls of teleportation
 r - 9 scrolls of remove curse
 s - 3 scrolls of enchant weapon
 t - a scroll of fear
 C - 5 scrolls of identify
 D - 4 scrolls of amnesia
 V - a scroll of magic mapping
Potions
 g - 2 potions of might
 i - 2 potions of ambrosia
 j - a potion of brilliance
 l - 12 potions of curing
 u - 2 potions of lignification
 z - 2 potions of cancellation
 E - 2 potions of flight
 F - 2 potions of haste
 I - a potion of magic
 P - 2 potions of heal wounds
 Q - 2 potions of berserk rage
 S - 3 potions of stabbing
Miscellaneous
 K - a phial of floods (inert)
 N - 3 boxes of beasts
 R - a tin of tremorstones (inert)
Comestibles
 d - 4 rations


   Skills:
 - Level 5.0 Fighting
 - Level 10.0 Short Blades
 + Level 13.4 Dodging
 - Level 10.0 Stealth
 - Level 7.2 Shields
 - Level 9.2 Spellcasting
 - Level 5.0 Conjurations
 * Level 11.1 Necromancy
 - Level 5.5 Transmutations
 + Level 11.6 Earth Magic
 * Level 5.8 Evocations


You had 2 spell levels left.
You knew the following spells:

 Your Spells              Type           Power        Failure   Level  Hunger
a - Sandblast             Erth           ######       1%          1    None
b - Passwall              Tmut/Erth      #####...     1%          2    None
c - Stone Arrow           Conj/Erth      #####.       1%          3    None
d - Petrify               Tmut/Erth      #####...     2%          4    ###....
e - Lee's Rapid Deconstr  Erth           ######....   1%          5    #####..
f - Dispel Undead         Necr           #####...     1%          4    ###....
g - Borgnjor's Vile Clut  Necr/Erth      #####.....   2%          5    #####..
h - Death Channel         Necr           #####.....   14%         6    ######.

Your spell library contained the following spells:

 Spells                   Type           Power        Failure   Level  Hunger
 Beastly Appendage        Tmut           ####..       1%          1    None
 Pain                     Necr           ####         1%          1    None
 Corpse Rot               Necr/Air       N/A          1%          2    None
 Sticks to Snakes         Tmut           ####....     1%          2    None
 Sublimation of Blood     Necr           #####.....   1%          2    None
 Sting                    Tmut/Pois      ###.         2%          1    None
 Shock                    Conj/Air       ###.         3%          1    None
 Apportation              Tloc           #.....       9%          1    None
 Freeze                   Ice            #...         9%          1    None
 Swiftness                Chrm/Air       #.......     13%         2    None
 Vampiric Draining        Necr           #####.....   1%          3    None
 Agony                    Necr           #####...     2%          5    #####..
 Spider Form              Tmut/Pois      ###.......   9%          3    None
 Static Discharge         Conj/Air       ###.....     10%         3    None
 Mephitic Cloud           Conj/Pois/Air  ##......     13%         3    None
 Blade Hands              Tmut           ####......   24%         5    #####..
 Frozen Ramparts          Ice            #.....       26%         3    None
 Ozocubu's Armour         Chrm/Ice       #.......     26%         3    None
 Ice Form                 Ice/Tmut       ###.....     26%         4    ###....
 Hailstorm                Conj/Ice       ###.....     30%         4    ###....
 Airstrike                Air            #.........   65%         4    ###....
 Summon Ice Beast         Ice/Summ       #.......     65%         4    ###....
 Lightning Bolt           Conj/Air       ###.......   65%         5    #####..
 Simulacrum               Ice/Necr       ####......   80%         6    ######.


Dungeon Overview and Level Annotations

Branches:
Dungeon (12/15)            Temple (0/1) D:6            Lair (6/6) D:11
  Swamp (0/4) Lair:3        Snake (0/4) Lair:4        Slime (0/5) Lair:5
    Orc (2/2) D:10            Elf (0/3) Orc:2        Bailey (visited)
Gauntlet (visited)

Altars:
Ashenzari
Cheibriados
Dithmenos
Kikubaaqudgha
Makhleb
Nemelex Xobeh
Okawaru
Qazlal
Ru
Sif Muna
Trog
Vehumet
Xom
The Shining One
Beogh

Shops:
D:5 }   D:9 }   Orc:2 (*}!

Portals:
Pandemonium: Orc:2

Annotations:
D:8 3 runed translucent doors, kelmiir's ghost, novice DsBe
D:9 Snorg
D:11 3 runed translucent doors, Kagalorn's ghost, journeyman GrFi
Lair:4 exclusion: 2 oklob plants


Innate Abilities, Weirdness & Mutations

You are very small and have problems with some larger weapons.
You are too small for most types of armour.
You have supernaturally acute eyesight. (SInv)
You are a herbivore.
You cover ground extremely quickly.
You need to consume almost no food.


Message History

The orc warrior writhes in agony.
The orc warrior is almost dead.
You hit the orc warrior but do no damage.
The orc warrior writhes in agony!
You kill the orc warrior!
Kikubaaqudgha accepts your kill. You block the orc knight's attack.
You hit the orc warrior.
The orc warrior writhes in agony!
The orc warrior is heavily wounded.
The orc warrior misses you.
You closely miss the orc warrior.
The orc warrior is heavily wounded.
You block the orc warrior's attack.
You hit the orc warrior.
The orc warrior writhes in agony.
The orc warrior is severely wounded.
The orc knight hits you with a +0 war axe!!
* * * LOW HITPOINT WARNING * * *
The orc warrior hits you with a +0 mace of protection!!
You die...
Kikubaaqudgha rasps: "You have failed me!
Welcome... death!"

.+ ###### #.# #..).#
######.# ##.##@#
.......# #..#oooo#
#......#####..#oooo#
#.............#oo.)#
#.............#..))#
#.............#.$..#
#...[......(..#....#
#.............######
#.............#


You could see an orc knight, 2 orc warriors and 7 orcs.

Vanquished Creatures
  Gastronok (Lair:2)
  Frances (D:12)
  A minotaur (Gauntlet)
  4 dire elephants (Lair:6)
  An ettin (Orc:2)
  A fire dragon (D:11)
  An ogre mage (D:11)
  6 hydras
  Fannar (Lair:3)
  Erica (D:10)
  2 anacondas (Lair:6)
  3 two-headed ogres
  4 death yaks (Lair:6)
  7 orc high priests (Orc:2)
  A sun demon (Orc:2)
  A fire crab (Gauntlet)
  A flayed ghost (D:11)
  A gelid demonspawn (Orc:2)
  4 lindwurms (Lair:5)
  5 orc knights (Orc:2)
  4 orc sorcerers (Orc:2)
  An oklob plant (Lair:5)
  2 manticores (D:11)
  2 ugly things
  A cyclops (Orc:2)
  A centaur zombie (D:11)
  An orange demon (Orc:2)
  7 elephants
  A torpor snail (Lair:6)
  6 black mambas
  13 spiny frogs
  A gargoyle (D:11)
  A rime drake (Lair:5)
  Maggie (D:6)
  7 komodo dragons
  A hellwing (Orc:2)
  4 trolls
  2 hornets
  A polar bear (Lair:6)
  9 dream sheep (Lair:6)
  3 bog bodies (Lair:3)
  8 blink frogs
  6 hippogriffs
  Sigmund (D:2)
  2 wraiths
  5 wyverns
  2 fire bats (Gauntlet)
  34 yaks
  8 basilisks
  3 hungry ghosts
  A chaos spawn (Orc:2)
  A warg (Orc:2)
  A naga (Lair:4)
  A soldier ant (D:10)
  A swamp worm (Lair:3)
  23 water moccasins
  10 porcupines
  34 orc warriors
  A hornet zombie (D:11)
  5 ice beasts
  3 necrophages
  A sky beast (D:7)
  17 ogres
  6 wolves (Lair:6)
  2 phantoms
  6 centaurs
  10 crocodiles
  2 big kobolds
  Blork the orc (D:5)
  18 bullfrogs
  9 gnoll sergeants
  2 scorpions
  A water moccasin skeleton (D:9)
  3 killer bees (D:11)
  10 howler monkeys
  15 wights
  3 electric eels
  3 crimson imps
  A quasit (D:10)
  2 bullfrog zombies (D:11)
  7 hounds
  4 jellies
  2 bullfrog skeletons
  24 orc priests
  3 centaur skeletons
  6 gnoll shamans (Bailey)
  13 orc wizards
  2 iguanas
  7 worker ants
  4 hound skeletons
  A howler monkey zombie (D:10)
  29 gnolls
  A howler monkey skeleton (D:7)
  A worker ant zombie (D:11)
  7 adders
  3 shadow imps
  2 oozes (D:1)
  2 adder zombies
  An adder skeleton (D:9)
  2 dart slugs
  5 leopard geckos
  82 orcs
  2 ball pythons (D:2)
  7 giant cockroaches
  7 goblins
  7 hobgoblins
  2 jackals (D:7)
  13 kobolds
  4 quokkas
  8 bats
  6 frilled lizards
  A leopard gecko zombie (D:5)
  2 quokka skeletons
  9 rats
  5 plants
659 creatures vanquished.

Vanquished Creatures (collateral kills)
  4 fire bats (Gauntlet)
  A hell hound (Gauntlet)
5 creatures vanquished.

Vanquished Creatures (others)
  An unseen horror (D:11)
  16 fungi
  27 plants
44 creatures vanquished.

Grand Total: 708 creatures vanquished

Notes
Turn   | Place    | Note
-------+----------+-------------------------------------------
     0 | D:1      | MrRokkomies the Spriggan Earth Elementalist began the quest
                  | for the Orb.
     0 | D:1      | Reached XP level 1. HP: 9/9 MP: 5/5
   178 | D:1      | Reached XP level 2. HP: 13/13 MP: 6/6
   672 | D:1      | Reached XP level 3. HP: 16/16 MP: 8/8
   786 | D:1      | Reached skill level 4 in Dodging
  1203 | D:2      | Learned a level 2 spell: Passwall
  1207 | D:2      | Learned a level 3 spell: Stone Arrow
  1480 | D:2      | Noticed Sigmund
  1489 | D:2      | Killed Sigmund
  1489 | D:2      | Reached skill level 1 in Short Blades
  1489 | D:2      | Reached skill level 5 in Dodging
  1489 | D:2      | Reached XP level 4. HP: 17/21 MP: 1/9
  1489 | D:2      | Reached XP level 5. HP: 19/24 MP: 1/10
  1609 | D:2      | Found a stormy altar of Qazlal.
  1614 | D:2      | Noticed a water elemental
  1616 | D:2      | Noticed an air elemental
  1616 | D:2      | Noticed a fire elemental
  1968 | D:3      | Noticed a necrophage
  1985 | D:3      | Killed a necrophage
  1985 | D:3      | Reached skill level 6 in Dodging
  1985 | D:3      | Reached skill level 5 in Stealth
  1985 | D:3      | Reached XP level 6. HP: 28/28 MP: 6/11
  2748 | D:4      | Found a snail-covered altar of Cheibriados.
  3084 | D:4      | Found an iron altar of Okawaru.
  3212 | D:4      | Upgraded the game from 0.26-a0-36-g11e0b32562 to
                  | 0.26-a0-52-gd53d4cd058
  4093 | D:4      | Reached XP level 7. HP: 32/32 MP: 6/12
  4276 | D:4      | Found a glowing golden altar of the Shining One.
  4329 | D:4      | Found a radiant altar of Vehumet.
  4334 | D:4      | Found an ancient bone altar of Kikubaaqudgha.
  4335 | D:4      | Found a shimmering blue altar of Sif Muna.
  4341 | D:4      | Identified Sif Muna's Almanac of the Voyage
  4350 | D:4      | Became a worshipper of Kikubaaqudgha
  4394 | D:5      | Entered Level 5 of the Dungeon
  4429 | D:5      | Found Eczariew's Gadget Shoppe.
  4432 | D:5      | Noticed Blork the orc
  4449 | D:5      | Killed Blork the orc
  4449 | D:5      | Reached skill level 7 in Dodging
  4567 | D:5      | Reached skill level 5 in Earth Magic
  4807 | D:5      | Found a bloodstained altar of Trog.
  5299 | D:6      | Found a staircase to the Ecumenical Temple.
  5342 | D:6      | Noticed Maggie
  5348 | D:6      | Reached skill level 8 in Dodging
  5552 | D:6      | Reached XP level 8. HP: 36/36 MP: 13/13
  5666 | D:5      | Learned a level 4 spell: Petrify
  6044 | D:6      | Killed Maggie
  6044 | D:6      | Reached skill level 9 in Dodging
  6172 | D:6      | Reached * piety under Kikubaaqudgha
  6172 | D:6      | Identified Kikubaaqudgha's Collected Works on Stolen Souls
                  | (Kikubaaqudgha gifted it to you on level 6 of the Dungeon)
  6172 | D:6      | Received a gift from Kikubaaqudgha
  6783 | D:6      | Reached skill level 10 in Dodging
  6876 | D:6      | Reached XP level 9. HP: 39/39 MP: 14/14
  7197 | D:6      | Reached skill level 5 in Short Blades
  7651 | D:7      | Found a bloodstained altar of Trog.
  8028 | D:7      | Reached ** piety under Kikubaaqudgha
  8058 | D:7      | Reached skill level 5 in Spellcasting
  8566 | D:7      | Reached skill level 1 in Shields
  8839 | D:8      | Found a shadowy altar of Dithmenos.
  8839 | D:8      | Found a shimmering altar of Xom.
  9684 | D:8      | Found a runed translucent gate.
  9684 | D:8      | Found a runed translucent gate.
  9684 | D:8      | Found a runed translucent gate.
  9773 | D:8      | Reached XP level 10. HP: 44/44 MP: 8/18
  9853 | D:8      | Found a sacrificial altar of Ru.
  9974 | D:8      | Noticed kelmiir's ghost (novice DsBe)
  9974 | D:8      | Noticed an 11-headed hydra
 10213 | D:9      | Found a shattered altar of Ashenzari.
 10245 | D:9      | Found Dunif's Gadget Boutique.
 10252 | D:9      | Reached skill level 1 in Conjurations
 10392 | D:9      | Noticed a two-headed ogre
 10399 | D:9      | Killed a two-headed ogre
 10399 | D:9      | Reached skill level 10 in Stealth
 10561 | D:9      | Reached *** piety under Kikubaaqudgha
 10561 | D:9      | Identified Kikubaaqudgha's Guide on Unholy Magic
                  | (Kikubaaqudgha gifted it to you on level 9 of the Dungeon)
 10561 | D:9      | Received a gift from Kikubaaqudgha
 11102 | D:10     | Entered Level 10 of the Dungeon
 11102 | D:10     | Noticed Snorg
 11162 | D:10     | Noticed a two-headed ogre
 11181 | D:10     | Killed a two-headed ogre
 11394 | D:10     | Learned a level 5 spell: Lee's Rapid Deconstruction
 11399 | D:10     | Learned a level 4 spell: Dispel Undead
 11737 | D:10     | Noticed Erica
 11753 | D:10     | Killed Erica
 11753 | D:10     | Reached XP level 11. HP: 47/47 MP: 10/19
 12796 | D:10     | Reached **** piety under Kikubaaqudgha
 12939 | D:10     | Found a staircase to the Orcish Mines.
 13499 | D:11     | Reached skill level 5 in Shields
 13579 | D:11     | Noticed a fire dragon
 13579 | D:11     | Noticed a flayed ghost
 13602 | D:11     | Killed a flayed ghost
 13680 | D:11     | Found a sparkling altar of Nemelex Xobeh.
 13680 | D:11     | Found a sacrificial altar of Ru.
 13708 | D:11     | Killed a fire dragon
 14007 | D:11     | Reached skill level 5 in Conjurations
 14020 | D:11     | Found a staircase to the Lair.
 14020 | D:11     | Noticed a cyan ugly thing
 14047 | D:11     | Killed a cyan ugly thing
 14047 | D:11     | Reached skill level 1 in Evocations
 14105 | D:11     | Noticed a purple ugly thing
 14365 | D:10     | Killed a purple ugly thing
 14535 | D:11     | Reached ***** piety under Kikubaaqudgha
 14800 | D:11     | Noticed an ogre mage
 14892 | D:11     | Noticed an unseen horror
 14922 | D:11     | Killed an unseen horror
 15040 | D:11     | Identified the +3 scale mail of the Eleven Suns {Str+4
                  | Dex+4}
 15205 | D:11     | Killed an ogre mage
 15211 | Lair:1   | Entered Level 1 of the Lair of Beasts
 15335 | D:11     | Reached XP level 12. HP: 32/51 MP: 14/20
 15406 | D:11     | Reached skill level 10 in Earth Magic
 15601 | D:11     | Reached skill level 1 in Necromancy
 16029 | D:11     | Found a runed translucent gate.
 16029 | D:11     | Found a runed translucent gate.
 16030 | D:11     | Found a runed translucent gate.
 16032 | D:11     | Noticed Kagalorn's ghost (journeyman GrFi)
 16035 | D:11     | Found a roughly hewn altar of Beogh.
 16037 | D:11     | Identified the cursed +0 plate armour "Neik" {Int+4}
 17128 | Lair:1   | Reached skill level 5 in Evocations
 17301 | Lair:1   | You fall into a shaft and drop 1 floor!
 17306 | Lair:2   | Found a gate leading to a gauntlet.
 17314 | Gauntlet | Entered a Gauntlet
 17314 | Gauntlet | Found a large runed translucent door.
 17314 | Gauntlet | Found a large runed translucent door.
 17314 | Gauntlet | Found a large runed translucent door.
 17314 | Gauntlet | Found a large runed translucent door.
 17314 | Gauntlet | Found a large runed translucent door.
 17314 | Gauntlet | Found a large runed translucent door.
 17314 | Gauntlet | Found a large runed translucent door.
 17314 | Gauntlet | Found a large runed translucent door.
 17314 | Gauntlet | Found a runed translucent door.
 17314 | Gauntlet | Found a runed translucent gate.
 17314 | Gauntlet | Found a transporter.
 17314 | Gauntlet | Found a transporter.
 17314 | Gauntlet | Found a runed translucent gate.
 17314 | Gauntlet | Found a transporter.
 17315 | Gauntlet | Found a transporter.
 17318 | Gauntlet | Found a transporter.
 17329 | Gauntlet | Found a transporter.
 17337 | Gauntlet | Found a transporter.
 17356 | Gauntlet | Found a transporter.
 17373 | Gauntlet | Found a transporter.
 17373 | Gauntlet | Noticed a death ooze
 17398 | Gauntlet | Found a transporter.
 17415 | Gauntlet | Found a transporter.
 17438 | Gauntlet | Found a runed translucent door.
 17439 | Gauntlet | Found a large runed translucent door.
 17439 | Gauntlet | Found a large runed translucent door.
 17439 | Gauntlet | Found a large runed translucent door.
 17439 | Gauntlet | Found a large runed translucent door.
 17440 | Gauntlet | Found a large runed translucent door.
 17440 | Gauntlet | Found a large runed translucent door.
 17441 | Gauntlet | Found a large runed translucent door.
 17441 | Gauntlet | Found a large runed translucent door.
 17450 | Gauntlet | Found a runed translucent gate.
 17466 | Gauntlet | Found a transporter.
 17872 | Gauntlet | Noticed a minotaur
 17894 | Gauntlet | Killed a minotaur
 18311 | Lair:2   | Reached skill level 1 in Fighting
 18323 | Lair:2   | Found a snail-covered altar of Cheibriados.
 19011 | Lair:2   | Noticed Gastronok
 19579 | Lair:1   | Reached skill level 5 in Necromancy
 20177 | Lair:2   | Killed Gastronok
 20340 | Lair:2   | You fall into a shaft and drop 1 floor!
 20585 | Lair:3   | Reached XP level 13. HP: 40/59 MP: 12/21
 20883 | Lair:3   | Noticed Fannar
 20899 | Lair:3   | Reached skill level 10 in Short Blades
 21081 | Lair:3   | Killed Fannar
 21081 | Lair:3   | Reached skill level 5 in Transmutations
 21538 | Lair:3   | Found a staircase to the Swamp.
 22782 | Lair:4   | Found a staircase to the Snake Pit.
 22997 | Lair:4   | Reached ****** piety under Kikubaaqudgha
 24811 | Lair:5   | Got a pitted turquoise ring
 24814 | Lair:5   | Identified the cursed ring "Moyxiz" {rElec Str-4 Int+4
                  | Dex+2} (You found it on level 5 of the Lair of Beasts)
 25560 | Lair:5   | Reached skill level 5 in Fighting
 25576 | Lair:5   | Got a steaming bronze amulet
 25687 | Lair:5   | Found a staircase to the Slime Pits.
 25870 | Lair:5   | Identified the amulet "Recod" {Acrobat Int+2} (You found it
                  | on level 5 of the Lair of Beasts)
 25871 | Lair:5   | Identified a +2 dagger of pain (a +0 dagger of freezing
                  | bloodied by Kikubaaqudgha)
 25871 | Lair:5   | Received a gift from Kikubaaqudgha
 26531 | Lair:6   | Entered Level 6 of the Lair of Beasts
 26712 | Lair:5   | Upgraded the game from 0.26-a0-52-gd53d4cd058 to
                  | 0.26-a0-58-g79b31b8662
 26817 | Lair:6   | Reached skill level 11 in Dodging
 27792 | Lair:6   | Reached XP level 14. HP: 43/68 MP: 0/22
 28498 | Lair:6   | Identified a scroll of acquirement
 28612 | Lair:6   | Reached skill level 12 in Dodging
 31046 | Lair:6   | Identified Sif Muna's Grimoire of Vitriolic Lightness
 32034 | Orc:1    | Entered Level 1 of the Orcish Mines
 32043 | Orc:1    | Reached skill level 10 in Necromancy
 32118 | Orc:2    | Entered Level 2 of the Orcish Mines
 32143 | Orc:2    | Learned a level 5 spell: Borgnjor's Vile Clutch
 32507 | Orc:1    | Found a burning altar of Makhleb.
 33060 | Orc:2    | Found a staircase to the Elven Halls.
 33123 | Orc:2    | Found Ymuduam's General Store.
 33124 | Orc:2    | Found Qotinomp's Distillery.
 35089 | Orc:2    | Reached skill level 13 in Dodging
 36117 | Orc:2    | Reached XP level 15. HP: 72/72 MP: 27/29
 36299 | Orc:2    | Found Boximn's Antique Weapon Boutique.
 36299 | Orc:2    | Found Uxistaor's Gadget Shop.
 36299 | Orc:2    | Found a one-way gate leading to the halls of Pandemonium.
 36684 | D:9      | Bought a wand of clouds (8) for 360 gold pieces
 36684 | D:9      | Bought a wand of clouds (2) for 180 gold pieces
 36691 | D:9      | Learned a level 6 spell: Death Channel
 36779 | D:12     | Noticed Frances
 36788 | D:12     | Killed Frances
 37159 | D:12     | Found a flagged portal.
 37245 | Bailey   | Entered a bailey
 37985 | D:12     | Slain by an orc warrior

Illustrated notes

Levels and vault maps discovered:
D:1:      minmay_arrival_up_and_down, layout_rooms
D:2:      layout_basic, first_ration, nicolae_qazlal_style_of_elements,
          uniq_sigmund
D:3:      layout_basic, st_stairs_8
D:4:      layout_basic, grunt_temple_overflow_magic_moments,
          okawaru_ov_weapons_minmay, lemuel_round_altar,
          nicolae_tso_swordbearing_angel
D:5:      layout_basic, nicolae_overflow_crystal_walls, serial_shops,
          shop_fountains, uniq_blork_the_orc
D:6:      layout_basic, minmay_temple_entry_statues_pillars, hex_intersection,
          kennysheep_path_1, minmay_puff, uniq_maggie
D:7:      layout_cave_pods, serial_park, serial_park_square2,
          serial_park_square1 [serial_park_minivault_5x5_3],
          serial_park_avenue1, serial_park_square1
          [serial_park_minivault_5x5_4], serial_park_tiny_pond
D:8:      layout_gridville, gammafunk_temple_overflow_wave,
          lemuel_crystal_altar, gammafunk_ghost_hydra_chop
D:9:      layout_stronghold, kennysheep_mini, serial_shops, shop
D:10:     layout_big_octagon, erik_orc_2, uniq_snorg, uniq_erica
D:11:     cheibrodos_ideogram_h, layout_loops_ring, david_lair_generic,
          biasface_ghost_orc_armoury, jmf_multi_god_temple
D:12:     layout_long_grid, enter_bailey_8, special_room [special_room_orc],
          nicolae_trove_entry_path_of_doom, the_bakery, uniq_frances
Lair:1:   wad_woods_04, layout_hall_layers, grunt_megastairs_4,
          lemuel_fruit_tree, infiniplex_staircase_pool
Lair:2:   layout_regular_city, gauntlet_entry_generic, basic_altar,
          wad_woods_road_05, lemuel_fruit_fields, uniq_gastronok
Lair:3:   layout_cave_pods, nicolae_swamp_entry_splash_gauntlet, uniq_fannar
Lair:4:   layout_layer_cave, guppyfry_snake_entry_island, grunt_megastairs_3
Lair:5:   layout_cave_pods, slime_dummy, minmay_lair_oklob_items,
          minmay_lindwurm_lava, infiniplex_staircase_pool_2,
          serial_bayou_shore_b
Lair:6:   due_jungle_book, layout_long_grid, minmay_shattered_shrine
Orc:1:    layout_caves, basic_altar
Orc:2:    pf_orc_diabolical, layout_caves

Skill      XL: |  1  2  3  4  5  6  7  8  9 10 11 12 13 14 15 |
---------------+----------------------------------------------+-----
Earth Magic    | 3 4 5 6 8 9 10 11 | 11.6
Dodging        | 5 6 8 10 11 13 | 13.4
Short Blades   | 1 2 3 4 6 7 8 9 10 | 10.0
Stealth        | 4 5 6 8 9 10 | 10.0
Spellcasting   | 5 9 |  9.2
Shields        | 2 4 6 7 |  7.2
Conjurations   | 3 5 |  5.0
Evocations     | 3 5 |  5.8
Necromancy     | 5 8 10 11 | 11.1
Transmutations | 4 5 |  5.5
Fighting       | 2 5 |  5.0

Action                   |  1- 3 |  4- 6 |  7- 9 | 10-12 | 13-15 || total
-------------------------+-------+-------+-------+-------+-------++-------
Melee: Short sword       |    98 |       |       |       |       ||    98
       Dagger            |     1 |   131 |   331 |   797 |  1686 ||  2946
       Quick blade       |       |       |       |       |    80 ||    80
Throw: Dart              |     1 |       |       |    60 |    76 ||   137
       Boomerang         |       |     4 |    14 |       |       ||    18
 Cast: Sandblast         |    24 |    20 |   121 |   197 |   216 ||   578
       Passwall          |       |       |     2 |     4 |     4 ||    10
       Stone Arrow       |       |       |       |    64 |   126 ||   190
       Lee's Rapid Decon |       |       |       |     5 |    18 ||    23
       Petrify           |       |       |       |     2 |    24 ||    26
       Dispel Undead     |       |       |       |       |     8 ||     8
       Borgnjor's Vile C |       |       |       |       |     2 ||     2
Invok: Brand Weapon With |       |       |       |       |     1 ||     1
Evoke: Wand              |       |     1 |     6 |    17 |    22 ||    46
       Tin of tremorston |       |       |       |     1 |     4 ||     5
       Box of beasts     |       |       |       |     1 |       ||     1
       Phial of floods   |       |       |       |       |     1 ||     1
  Use: Scroll            |     2 |       |    17 |    12 |    14 ||    45
       Potion            |       |       |     1 |     3 |     3 ||     7
 Stab: Sleeping          |     3 |    13 |    18 |    33 |    24 ||    91
       Invisible         |       |       |     3 |     2 |       ||     5
       Distracted        |       |       |     2 |     3 |     6 ||    11
       Petrifying        |       |       |       |       |    15 ||    15
       Petrified         |       |       |       |       |     5 ||     5
       Confused          |       |       |       |       |     3 ||     3
  Eat: Ration            |       |     1 |     3 |     9 |    18 ||    31
Armor: Robe              |    14 |    10 |     9 |    14 |    31 ||    78
       Troll leather arm |       |       |       |    16 |       ||    16
Dodge: Dodged            |    97 |    96 |   260 |   525 |   781 ||  1759
Block: Buckler           |       |       |    67 |   225 |   388 ||   680

Table legend:
 A = Non-vault XP
 B = Vault XP
 C = Vault XP percentage of total XP
 D = Non-vault monster count
 E = Vault monster count
 F = Vault count percentage of total count
                 A         B        C        D         E       F
            +---------+---------+-------+---------+---------+-------
      Total |   61346 |   50875 |  45.3 |     448 |     212 |  32.1
            +---------+---------+-------+---------+---------+-------
        D:1 |      66 |       0 |   0.0 |      24 |       0 |   0.0
        D:2 |      27 |     212 |  88.7 |      17 |       1 |   5.6
        D:3 |     228 |       1 |   0.4 |      26 |       1 |   3.7
        D:4 |     218 |       0 |   0.0 |      16 |       0 |   0.0
        D:5 |     471 |     184 |  28.1 |      16 |       2 |  11.1
        D:6 |    1041 |     629 |  37.7 |      18 |       5 |  21.7
        D:7 |    1562 |      24 |   1.5 |      36 |       4 |  10.0
        D:8 |     929 |       0 |   0.0 |      17 |       0 |   0.0
        D:9 |    2628 |       0 |   0.0 |      26 |       0 |   0.0
       D:10 |    3001 |    1865 |  38.3 |      21 |      22 |  51.2
       D:11 |    1955 |    7765 |  79.9 |      27 |      32 |  54.2
       D:12 |    1686 |    2963 |  63.7 |      14 |      15 |  51.7
     Lair:1 |    6640 |       0 |   0.0 |      28 |       0 |   0.0
     Lair:2 |    2923 |    2328 |  44.3 |      15 |       1 |   6.2
     Lair:3 |    2810 |    1989 |  41.4 |      13 |       6 |  31.6
     Lair:4 |    4466 |    1420 |  24.1 |      23 |       3 |  11.5
     Lair:5 |    4073 |    3101 |  43.2 |      11 |       5 |  31.2
     Lair:6 |   20274 |    8659 |  29.9 |      52 |      20 |  27.8
      Orc:1 |     797 |       0 |   0.0 |      12 |       0 |   0.0
      Orc:2 |    5551 |   15632 |  73.8 |      36 |      56 |  60.9
     Bailey |       0 |    1202 | 100.0 |       0 |      30 | 100.0
   Gauntlet |       0 |    2901 | 100.0 |       0 |       9 | 100.0
            +---------+---------+-------+---------+---------+-------
